 Dungeon Crawl Stone Soup version 0.29.0-4-gdea44cf6ec (webtiles) character file.

Game seed: 9510313577541787271

61899 qw the Brawler (level 14, 0/137 HPs)
             Began as a Troll Cinder Acolyte on Aug 31, 2022.
             Was a High Priest of Okawaru.
             Shot with an arrow by Nessos (1 damage)
             ... on level 12 of the Dungeon.
             The game lasted 00:10:08 (17548 turns).

qw the Brawler (Troll Cinder Acolyte)              Turns: 17548, Time: 00:10:09

Health: 0/137      AC: 19    Str: 35    XL:     14   Next: 62%
Magic:  14/20      EV: 14    Int: 10    God:    Okawaru [*****.]
Gold:   1275       SH:  0    Dex:  7    Spells: 15/15 levels left

rFire   . . .      SeeInvis .     - Unarmed
rCold   . . .      Faith    .   (no shield)
rNeg    . . .      Spirit   .   g - +2 swamp dragon scales
rPois   +          Reflect  .   l - +2 hat
rElec   .          Harm     .   a - +2 cloak
rCorr   +          Rampage  .   (gloves unavailable)
Will    +....      Clarity  +   (boots unavailable)
Stlth   ++........              (no amulet)
HPRegen 1.12/turn               b - ring "Xaux Una" {Fly rCorr Str+6 Dex+2}
MPRegen 0.17/turn               o - +4 ring of evasion

@: lethally poisoned (0 -> -8), about to teleport, heroic, finesse-ful, flying
A: large, unfitting armour, claws 3, regeneration 1, shaggy fur 1, tough skin 1,
clarity
a: Renounce Religion, Heroism, Finesse, Duel


You were on level 12 of the Dungeon.
You worshipped Okawaru.
Okawaru was extremely pleased with you.
You visited 2 branches of the dungeon, and saw 17 of its levels.
You also visited: Ossuary and Gauntlet.

You collected 1275 gold pieces.


Innate Abilities, Weirdness & Mutations

You are too large for most types of armour.
You have claws for hands.
Your natural rate of healing is unusually fast.
You are covered in fur. (AC +1)
You have tough skin. (AC +1)
You possess an exceptional clarity of mind.


   Skills:
 + Level 8.7(13.7) Fighting
 - Level 8.0(13.0) Throwing
 - Level 4.0(9.0) Armour
 - Level 3.0(8.0) Dodging
 - Level 19.0(24.0) Unarmed Combat
 - Level 1.0 Spellcasting
 - Level 2.1 Fire Magic
 - Level 10.0 Invocations


You had 15 spell levels left.
You didn't know any spells.
Your spell library contained the following spells:

 Spells                   Type           Power      Damage    Failure   Level
 Scorch                   Fire           8%         2d5       26%         2

Inventory:

Missiles
 i - 5 boomerangs
 p - 8 javelins (quivered)
 v - 3 silver javelins
Armour
 a - a +2 cloak (worn)
 g - +2 swamp dragon scales (worn)
 l - a +2 hat (worn)
 u - a +1 robe of willpower
Jewellery
 b - the ring "Xaux Una" (left claw) {Fly rCorr Str+6 Dex+2}
   (You found it in a Gauntlet)

   [ring of strength]

   Str:       It affects your strength (+6).
   Dex:       It affects your dexterity (+2).
   Fly:       It grants you flight.
   rCorr:     It protects you from acid and corrosion.
 o - a +4 ring of evasion (right claw)
 q - a ring of protection from fire
Wands
 c - a wand of digging (5)
Scrolls
 e - 2 scrolls of enchant weapon
 f - a scroll of identify
 j - a scroll of teleportation
Potions
 d - 2 potions of might
 h - 10 potions of curing
 k - 2 potions of cancellation
 m - 3 potions of haste
 n - 5 potions of mutation
 r - a potion of resistance
 s - a potion of magic

Dungeon Overview and Level Annotations

Branches:
Dungeon (12/15)            Temple (0/1) D:5            Lair (5/5) D:11
 Shoals (0/4) Lair:3        Snake (0/4) Lair:3        Slime (0/5) Lair:5
    Orc (0/2) D:9         Ossuary (visited)         Gauntlet (visited)

Altars:
Ashenzari
Cheibriados
Elyvilon
Gozag
Hepliaklqana
Okawaru
Ru
Sif Muna
Trog
Uskayaw
Wu Jian
Xom
Yredelemnul
Zin
The Shining One
Jiyva

Shops:
D:6 (   D:7 (

Annotations:
D:3 1 runed translucent door, Crazy Yiuf, Grinder
D:12 Lodul, Nessos


Message History

Okawaru accepts your kill.
You feel sick.
You feel sick.
Nessos shoots an arrow.
The arrow hits you! The arrow burns you.
You are more poisoned.
The ogre closely misses you.
Nessos shoots an arrow.
The arrow closely misses you.
Things that are here:
a +0 giant spiked club; an ogre corpse You eviscerate the ogre!!!
You kill the ogre!
Okawaru accepts your kill.
You feel sick.
Nessos mumbles some strange words.
Nessos blinks!
Lodul the Thundrous comes into view.
He is wielding a +0 dire flail.
A slime creature comes into view.
You feel very sick.
Nessos shoots an arrow.
The arrow hits you but does no damage.
Nessos gestures wildly while chanting.
Nessos blinks!
The slime creature barely misses you.
An ogre comes into view. It is wielding a +0 giant spiked club.
The slime creature moves out of view.
You eviscerate the slime creature!!!
The slime creature is almost dead.
You feel sick.
Nessos shoots an arrow.
The arrow hits you! The arrow burns you.
You are more poisoned.
17546 ||| READING 2 scrolls of teleportation.
As you read the scroll of teleportation, it crumbles to dust.
You feel strangely unstable.
You feel very sick.
Nessos shoots an arrow.
The arrow hits you! The arrow burns you.
Nessos shoots an arrow.
The arrow hits you but does no damage. The slime creature hits you!
You eviscerate the slime creature!!!
You kill the slime creature!
Okawaru accepts your kill.
You feel sick.
Nessos shoots an arrow.
The arrow hits you but does no damage.
You feel very sick.
Nessos shoots an arrow.
The arrow hits you.
You die...

#.........# #.........#
#.........# . #......... .#
#........##..# #........O..
#......O.# ##### #.....@(.# #....
#......).# #.... #..c>.)..# #....
#........###########... ###
#.##'#.............#...
#.#####....#............>#...
#####.....##...#......?......#...
....#..........'.............#...
....#....<.....#.............#...


You could see Nessos (fast), Lodul and an ogre.

Vanquished Creatures
  A reaper (Gauntlet)
  A dire elephant (Lair:5)
  A minotaur (Gauntlet)
  Fannar (D:12)
  2 boulder beetles
  6 hydras
  A two-headed ogre (D:10)
  A centaur warrior (D:10)
  2 catoblepae
  15 death yaks
  A deep troll shaman (Lair:5)
  Nergalle (Lair:3)
  An obsidian statue (Gauntlet)
  A cyclops (D:11)
  An oklob plant (D:11)
  An ugly thing (D:12)
  10 slime creatures
  A manticore (D:12)
  Maurice (D:8)
  21 elephants
  A merfolk siren (Lair:3)
  2 torpor snails (Lair:4)
  Maggie (D:8)
  3 black mambas
  A gargoyle (D:12)
  10 cane toads
  3 rime drakes
  9 komodo dragons
  2 unseen horrors
  4 polar bears
  A hellwing (Gauntlet)
  Prince Ribbit (D:8)
  8 blink frogs (Lair:5)
  Sigmund (D:4)
  3 wyverns
  2 shadows
  20 fire elementals
  42 yaks
  A wraith (D:12)
  3 steam dragons
  2 vampires
  2 basilisks
  10 vampire mosquitoes
  Grum (D:10)
  3 nagas (Lair:3)
  An acid dragon (D:8)
  11 water moccasins
  Duvessa (D:5)
  7 orc warriors
  3 black bears
  An ice beast (D:6)
  A sky beast (D:6)
  6 ogres
  22 wolves
  6 centaurs
  4 kobold brigands
  2 gnoll sergeants
  15 bullfrogs
  2 necrophages
  2 scorpions
  Dowan (D:5)
  14 killer bees
  A howler monkey (D:11)
  An electric eel (D:10)
  2 centaur zombies (Ossuary)
  3 jellies
  3 gnoll boudas
  2 orc priests
  A hound (D:5)
  19 orc wizards
  Terence (D:3)
  An iguana (D:6)
  2 mummies (Ossuary)
  5 adders
  28 gnolls
  3 shadow imps
  A white imp (D:5)
  2 worms
  A worm (shapeshifter) (D:12)
  6 dart slugs
  32 orcs
  8 ball pythons
  3 endoplasms
  A giant cockroach (D:5)
  10 goblins
  4 hobgoblins
  10 jackals
  29 kobolds
  3 quokkas
  3 training dummies (D:6)
  7 bats
  5 frilled lizards (D:1)
  4 goblin zombies
  2 kobold zombies (Ossuary)
  An orc zombie (Ossuary)
  A quokka zombie (D:7)
  4 rats
514 creatures vanquished.

Vanquished Creatures (others)
  An angel (D:8)
  A killer bee (D:10)
  2 orc wizards (D:8)
  A gnoll (D:8)
  20 fungi
  25 plants
  9 withered plants (Gauntlet)
59 creatures vanquished.

Grand Total: 573 creatures vanquished

Notes
Turn   | Place    | Note
-------+----------+-------------------------------------------
     0 | D:1      | qw the Troll Cinder Acolyte began the quest for the Orb.
     0 | D:1      | Reached XP level 1. HP: 22/22 MP: 1/1
     0 | D:1      | 0 ||| qw: Version: 0.1-a-97-g2dd2ca4
     0 | D:1      | 0 ||| qw: Game counter: 4567
     0 | D:1      | 0 ||| qw: Always use a shield: true
     0 | D:1      | 0 ||| qw: God list: Okawaru
     0 | D:1      | 0 ||| qw: Allow faded altars: false
     0 | D:1      | 0 ||| qw: Do Orc after D:15 true
     0 | D:1      | 0 ||| qw: Do second Lair branch before Depths: true
     0 | D:1      | 0 ||| qw: Lair rune preference: random
     0 | D:1      | 0 ||| qw: Plans: Normal
     0 | D:1      | 0 ||| PLANNING D:1-11
    40 | D:1      | Found a faded altar of an unknown god.
    96 | D:1      | Reached XP level 2. HP: 29/29 MP: 2/2
   203 | D:1      | 203 ||| Stepping ~*~*~tactically~*~*~ (stealth).
   215 | D:1      | Reached skill level 4 in Unarmed Combat
   215 | D:1      | 215 ||| Stepping ~*~*~tactically~*~*~ (stealth).
   220 | D:1      | 220 ||| Stepping ~*~*~tactically~*~*~ (outnumbered).
   235 | D:1      | 235 ||| Stepping ~*~*~tactically~*~*~ (outnumbered).
   244 | D:1      | 244 ||| Stepping ~*~*~tactically~*~*~ (outnumbered).
   245 | D:1      | 245 ||| Stepping ~*~*~tactically~*~*~ (outnumbered).
   247 | D:1      | 247 ||| Stepping ~*~*~tactically~*~*~ (outnumbered).
   248 | D:1      | 248 ||| Stepping ~*~*~tactically~*~*~ (outnumbered).
   249 | D:1      | 249 ||| Stepping ~*~*~tactically~*~*~ (outnumbered).
   250 | D:1      | 250 ||| Stepping ~*~*~tactically~*~*~ (outnumbered).
   251 | D:1      | 251 ||| Stepping ~*~*~tactically~*~*~ (outnumbered).
   252 | D:1      | 252 ||| Stepping ~*~*~tactically~*~*~ (outnumbered).
   253 | D:1      | 253 ||| Stepping ~*~*~tactically~*~*~ (outnumbered).
   331 | D:1      | 331 ||| Stepping ~*~*~tactically~*~*~ (hiding).
   344 | D:1      | Reached XP level 3. HP: 36/36 MP: 3/3
   447 | D:1      | 447 ||| Stepping ~*~*~tactically~*~*~ (outnumbered).
   448 | D:1      | 448 ||| Stepping ~*~*~tactically~*~*~ (outnumbered).
   488 | D:1      | 488 ||| READING 2 scrolls labelled UROURGH WEEREB.
   489 | D:1      | 489 ||| READING scroll labelled YLLAED VIESK.
   490 | D:1      | 490 ||| READING scroll labelled MACIOJ KOUZE.
   491 | D:1      | 491 ||| DRINKING 2 coppery potions.
   491 | D:1      | Gained mutation: Your flesh is heat resistant. (rF+)
                  | [potion of mutation]
   491 | D:1      | Gained mutation: Your body sometimes deteriorates upon
                  | taking damage. [potion of mutation]
   491 | D:1      | Gained mutation: You are frail. (-10% HP) [potion of
                  | mutation]
   492 | D:1      | 492 ||| DRINKING potion of mutation.
   492 | D:1      | Lost mutation: You are frail. (-10% HP) [potion of
                  | mutation]
   492 | D:1      | Lost mutation: Your body sometimes deteriorates upon taking
                  | damage. [potion of mutation]
   492 | D:1      | Gained mutation: You sometimes lose your temper in combat.
                  | [potion of mutation]
   492 | D:1      | Gained mutation: You are agile. (Dex +4, Str/Int -1)
                  | [potion of mutation]
   496 | D:1      | 496 ||| DRINKING 2 silvery potions.
   497 | D:1      | 497 ||| Stepping randomly (stuck).
   498 | D:1      | 498 ||| Stepping ~*~*~tactically~*~*~ (cloud).
   628 | D:2      | 628 ||| Stepping ~*~*~tactically~*~*~ (stealth).
   725 | D:2      | 725 ||| Stepping ~*~*~tactically~*~*~ (stealth).
   727 | D:2      | 727 ||| Stepping ~*~*~tactically~*~*~ (stealth).
   730 | D:2      | 730 ||| Stepping ~*~*~tactically~*~*~ (stealth).
   747 | D:2      | 747 ||| INVOKING Fiery Armour.
   751 | D:2      | Reached skill level 5 in Unarmed Combat
   751 | D:2      | Reached XP level 4. HP: 34/44 MP: 4/4
   780 | D:2      | 780 ||| FLEEEEING.
   781 | D:2      | 781 ||| FLEEEEING.
   782 | D:2      | 782 ||| FLEEEEING.
   783 | D:2      | 783 ||| FLEEEEING.
   868 | D:2      | 868 ||| Stepping ~*~*~tactically~*~*~ (hiding).
   971 | D:2      | 971 ||| Stepping ~*~*~tactically~*~*~ (hiding).
  1077 | D:2      | Reached XP level 5. HP: 50/50 MP: 5/5
  1185 | D:2      | 1185 ||| READING scroll labelled CANNUSH VAENATO.
  1186 | D:2      | 1186 ||| READING scroll labelled TEDGHU BEFF.
  1187 | D:2      | 1187 ||| READING scroll labelled XYFOM UMYACRA.
  1188 | D:2      | 1188 ||| READING 2 scrolls of identify.
  1188 | D:2      | 1188 ||| IDENTIFYING sedimented emerald potion
  1189 | D:2      | 1189 ||| DROPPING potion of magic.
  1334 | D:3      | Noticed Terence
  1336 | D:3      | 1336 ||| Stepping ~*~*~tactically~*~*~ (hiding).
  1339 | D:3      | 1339 ||| Stepping ~*~*~tactically~*~*~ (hiding).
  1340 | D:3      | 1340 ||| Stepping ~*~*~tactically~*~*~ (hiding).
  1341 | D:3      | 1341 ||| Stepping ~*~*~tactically~*~*~ (hiding).
  1344 | D:3      | Killed Terence
  1345 | D:3      | Reached skill level 6 in Unarmed Combat
  1497 | D:3      | 1497 ||| Stepping ~*~*~tactically~*~*~ (hiding).
  1500 | D:3      | 1500 ||| Stepping ~*~*~tactically~*~*~ (hiding).
  1628 | D:3      | Found a basalt altar of Yredelemnul.
  1896 | D:3      | Found a runed translucent door.
  1897 | D:3      | Noticed Crazy Yiuf
  1899 | D:3      | Noticed Grinder
  2010 | D:3      | Found a hide-covered altar of Uskayaw.
  2086 | D:3      | 2086 ||| READING scroll labelled UTOPHOCYAS.
  2163 | D:3      | 2163 ||| READING scroll labelled INICVE SETUO.
  2196 | D:4      | Noticed Sigmund
  2215 | D:4      | 2215 ||| INVOKING Fiery Armour.
  2218 | D:4      | Killed Sigmund
  2219 | D:4      | Reached XP level 6. HP: 26/59 MP: 6/6
  2602 | D:4      | 2602 ||| Stepping ~*~*~tactically~*~*~ (stealth).
  2618 | D:4      | Reached skill level 7 in Unarmed Combat
  2618 | D:4      | Reached XP level 7. HP: 37/66 MP: 7/7
  2618 | D:4      | 2618 ||| FLEEEEING.
  2619 | D:4      | 2619 ||| FLEEEEING.
  2620 | D:4      | 2620 ||| FLEEEEING.
  2621 | D:4      | 2621 ||| FLEEEEING.
  2622 | D:4      | 2622 ||| FLEEEEING.
  2623 | D:4      | 2623 ||| FLEEEEING.
  2624 | D:4      | 2624 ||| FLEEEEING.
  2626 | D:4      | 2626 ||| FLEEEEING.
  2627 | D:4      | 2627 ||| FLEEEEING.
  2629 | D:4      | 2629 ||| FLEEEEING.
  2630 | D:4      | 2630 ||| FLEEEEING.
  2631 | D:4      | 2631 ||| FLEEEEING.
  2632 | D:4      | 2632 ||| FLEEEEING.
  2633 | D:4      | 2633 ||| FLEEEEING.
  2634 | D:4      | 2634 ||| FLEEEEING.
  2635 | D:4      | 2635 ||| FLEEEEING.
  2636 | D:4      | 2636 ||| FLEEEEING.
  2637 | D:4      | 2637 ||| FLEEEEING.
  2638 | D:4      | 2638 ||| STAIRDANCE
  2694 | D:3      | 2694 ||| READING scroll labelled UVOPLY KUCES.
  2695 | D:3      | 2695 ||| DRINKING 2 dark potions.
  2696 | D:3      | 2696 ||| DROPPING potion of flight.
  3066 | D:4      | 3066 ||| UPGRADING to +1 cloak.
  3071 | D:4      | 3071 ||| DRINKING 3 grey potions.
  3072 | D:4      | 3072 ||| DRINKING 3 metallic white potions.
  3101 | D:5      | Entered Level 5 of the Dungeon
  3106 | D:5      | Noticed Duvessa
  3106 | D:5      | Noticed Dowan
  3110 | D:5      | 3110 ||| Stepping ~*~*~tactically~*~*~ (outnumbered).
  3116 | D:5      | 3116 ||| Stepping ~*~*~tactically~*~*~ (stealth).
  3117 | D:5      | 3117 ||| INVOKING Fiery Armour.
  3118 | D:5      | Killed Duvessa
  3119 | D:5      | Reached skill level 1 in Throwing
  3120 | D:5      | 3120 ||| FLEEEEING.
  3121 | D:5      | 3121 ||| FLEEEEING.
  3122 | D:5      | 3122 ||| STAIRDANCE
  3142 | D:5      | Killed Dowan
  3200 | D:5      | Found a staircase to the Ecumenical Temple.
  3434 | D:5      | Found an opulent altar of Gozag.
  3445 | D:5      | Reached skill level 8 in Unarmed Combat
  3624 | D:5      | 3624 ||| FLEEEEING.
  3625 | D:5      | 3625 ||| FLEEEEING.
  3626 | D:5      | 3626 ||| FLEEEEING.
  3627 | D:5      | 3627 ||| FLEEEEING.
  3638 | D:5      | 3638 ||| FLEEEEING.
  3639 | D:5      | 3639 ||| FLEEEEING.
  3673 | D:5      | Reached skill level 3 in Fighting
  3673 | D:5      | Reached XP level 8. HP: 64/75 MP: 8/8
  3674 | D:5      | 3674 ||| FLEEEEING.
  3675 | D:5      | 3675 ||| FLEEEEING.
  3676 | D:5      | 3676 ||| FLEEEEING.
  3677 | D:5      | 3677 ||| FLEEEEING.
  3678 | D:5      | 3678 ||| FLEEEEING.
  3693 | D:5      | 3693 ||| FLEEEEING.
  3704 | D:5      | Found a sacrificial altar of Ru.
  3746 | D:5      | 3746 ||| Stepping ~*~*~tactically~*~*~ (stealth).
  3949 | D:5      | 3949 ||| Stepping ~*~*~tactically~*~*~ (hiding).
  3987 | D:5      | 3987 ||| UPGRADING to +4 ring of slaying {mikee}.
  3988 | D:5      | 3988 ||| READING scroll labelled VICKYD YCZIPP.
  4024 | D:5      | 4024 ||| DRINKING 2 viscous golden potions.
  4025 | D:5      | 4025 ||| READING 2 scrolls of identify.
  4025 | D:5      | 4025 ||| IDENTIFYING murky ruby potion
  4026 | D:5      | 4026 ||| DROPPING potion of ambrosia.
  4027 | D:5      | 4027 ||| DROPPING potion of degeneration.
  4070 | D:6      | Found Tiehacol's Firing Range.
  4090 | D:6      | 4090 ||| Stepping ~*~*~tactically~*~*~ (outnumbered).
  4155 | D:6      | Found a bloodstained altar of Trog.
  4167 | D:6      | Found a shimmering blue altar of Sif Muna.
  4172 | D:6      | Reached skill level 9 in Unarmed Combat
  4196 | D:6      | Found a snail-covered altar of Cheibriados.
  4241 | D:6      | 4241 ||| Stepping ~*~*~tactically~*~*~ (stealth).
  4243 | D:6      | 4243 ||| Stepping ~*~*~tactically~*~*~ (stealth).
  4255 | D:6      | 4255 ||| Stepping ~*~*~tactically~*~*~ (hiding).
  4274 | D:6      | 4274 ||| Stepping ~*~*~tactically~*~*~ (stealth).
  4280 | D:6      | 4280 ||| Stepping ~*~*~tactically~*~*~ (outnumbered).
  4282 | D:6      | 4282 ||| Stepping ~*~*~tactically~*~*~ (outnumbered).
  4323 | D:6      | 4323 ||| Stepping ~*~*~tactically~*~*~ (hiding).
  4325 | D:6      | 4325 ||| Stepping ~*~*~tactically~*~*~ (hiding).
  4330 | D:6      | 4330 ||| Stepping ~*~*~tactically~*~*~ (outnumbered).
  4332 | D:6      | 4332 ||| Stepping ~*~*~tactically~*~*~ (outnumbered).
  4342 | D:6      | Reached skill level 10 in Unarmed Combat
  4342 | D:6      | 4342 ||| FLEEEEING.
  4343 | D:6      | 4343 ||| FLEEEEING.
  4344 | D:6      | 4344 ||| FLEEEEING.
  4345 | D:6      | 4345 ||| FLEEEEING.
  4346 | D:6      | 4346 ||| FLEEEEING.
  4347 | D:6      | 4347 ||| FLEEEEING.
  4348 | D:6      | 4348 ||| FLEEEEING.
  4349 | D:6      | 4349 ||| FLEEEEING.
  4350 | D:6      | 4350 ||| FLEEEEING.
  4358 | D:6      | 4358 ||| FLEEEEING.
  4775 | D:6      | 4775 ||| Stepping ~*~*~tactically~*~*~ (hiding).
  4919 | D:6      | Identified the +5 dagger "Beimorao" {elec, Will+}
  5025 | D:6      | 5025 ||| UPGRADING to +4 ring of evasion.
  5026 | D:6      | 5026 ||| READING 2 scrolls labelled SOAPUG INLOJUPS.
  5027 | D:6      | 5027 ||| DRINKING 2 glowing golden potions.
  5028 | D:6      | 5028 ||| DROPPING potion of brilliance.
  5029 | D:6      | 5029 ||| DROPPING scroll of fog.
  5068 | D:7      | 5068 ||| PLANNING OSSUARY
  5139 | D:7      | Found a sand-covered staircase.
  5150 | Ossuary  | Entered an ossuary
  5172 | Ossuary  | 5172 ||| DRINKING potion of mutation.
  5172 | Ossuary  | Lost mutation: Your flesh is heat resistant. (rF+) [potion
                  | of mutation]
  5172 | Ossuary  | Lost mutation: You are agile. (Dex +4, Str/Int -1) [potion
                  | of mutation]
  5172 | Ossuary  | Gained mutation: Your muscles are strong. (Str +4, Int/Dex
                  | -1) [potion of mutation]
  5230 | Ossuary  | Reached XP level 9. HP: 84/84 MP: 9/9
  5342 | Ossuary  | 5342 ||| DRINKING potion of mutation.
  5342 | Ossuary  | Lost mutation: You sometimes lose your temper in combat.
                  | [potion of mutation]
  5342 | Ossuary  | Lost mutation: Your muscles are strong. (Str +4, Int/Dex
                  | -1) [potion of mutation]
  5342 | Ossuary  | Gained mutation: You are strong-willed. (Will+) [potion of
                  | mutation]
  5342 | Ossuary  | Lost mutation: You are strong-willed. (Will+) [potion of
                  | mutation]
  5342 | Ossuary  | Gained mutation: You possess an exceptional clarity of
                  | mind. [potion of mutation]
  5420 | Ossuary  | 5420 ||| READING 2 scrolls labelled BIOMOG RADU.
  5421 | Ossuary  | 5421 ||| DRINKING 2 glowing sapphire potions.
  5474 | Ossuary  | 5474 ||| DRINKING 2 red potions.
  5475 | Ossuary  | 5475 ||| DROPPING potion of lignification.
  5476 | Ossuary  | 5476 ||| DROPPING potion of invisibility.
  5477 | Ossuary  | 5477 ||| DROPPING scroll of fear.
  5492 | D:7      | 5492 ||| PLANNING D:1-11
  5638 | D:7      | Identified the +1 leather armour of Absolutism {Harm Will++
                  | rCorr Int-5}
  5654 | D:7      | Found Noenier's Weapon Boutique.
  5660 | D:7      | 5660 ||| Stepping ~*~*~tactically~*~*~ (stealth).
  5661 | D:7      | 5661 ||| Stepping ~*~*~tactically~*~*~ (stealth).
  5681 | D:7      | Found a hazy altar of Hepliaklqana.
  5698 | D:7      | Found a broken altar of Ashenzari.
  5705 | D:7      | 5705 ||| Stepping ~*~*~tactically~*~*~ (stealth).
  5850 | D:7      | Reached skill level 11 in Unarmed Combat
  5851 | D:7      | 5851 ||| Stepping ~*~*~tactically~*~*~ (stealth).
  5857 | D:7      | 5857 ||| Stepping ~*~*~tactically~*~*~ (outnumbered).
  5866 | D:7      | 5866 ||| INVOKING Fiery Armour.
  5866 | D:7      | HP: 21/84 [killer bee (3)]
  5867 | D:7      | 5867 ||| READING 2 scrolls of teleportation.
  5868 | D:7      | 5868 ||| DRINKING 4 potions of heal wounds.
  6268 | D:8      | Noticed Maggie
  6268 | D:8      | Found an iron altar of Okawaru.
  6276 | D:8      | Killed Maggie
  6283 | D:8      | 6283 ||| INVOKING Fiery Armour.
  6295 | D:8      | 6295 ||| Stepping ~*~*~tactically~*~*~ (outnumbered).
  6298 | D:8      | HP: 21/84 [gnoll/+0 club[a gnoll bouda] (2)]
  6299 | D:8      | 6299 ||| READING scroll of teleportation.
  6300 | D:8      | 6300 ||| DRINKING 3 potions of heal wounds.
  6301 | D:8      | 6301 ||| Stepping ~*~*~tactically~*~*~ (outnumbered).
  6403 | D:8      | 6403 ||| Invisible monster not found???
  6439 | D:8      | 6439 ||| Stepping ~*~*~tactically~*~*~ (stealth).
  6440 | D:8      | 6440 ||| Stepping ~*~*~tactically~*~*~ (stealth).
  6442 | D:8      | 6442 ||| Stepping ~*~*~tactically~*~*~ (stealth).
  6446 | D:8      | 6446 ||| Stepping ~*~*~tactically~*~*~ (hiding).
  6447 | D:8      | 6447 ||| Stepping ~*~*~tactically~*~*~ (hiding).
  6448 | D:8      | 6448 ||| Stepping ~*~*~tactically~*~*~ (hiding).
  6452 | D:8      | Reached skill level 12 in Unarmed Combat
  6536 | D:8      | 6536 ||| Stepping ~*~*~tactically~*~*~ (stealth).
  6548 | D:8      | 6548 ||| INVOKING Fiery Armour.
  6566 | D:8      | 6566 ||| Stepping ~*~*~tactically~*~*~ (stealth).
  6567 | D:8      | 6567 ||| Stepping ~*~*~tactically~*~*~ (stealth).
  6570 | D:8      | 6570 ||| Stepping ~*~*~tactically~*~*~ (stealth).
  6571 | D:8      | 6571 ||| Stepping ~*~*~tactically~*~*~ (stealth).
  6574 | D:8      | 6574 ||| Stepping ~*~*~tactically~*~*~ (stealth).
  6575 | D:8      | 6575 ||| Stepping ~*~*~tactically~*~*~ (hiding).
  6576 | D:8      | 6576 ||| Stepping ~*~*~tactically~*~*~ (hiding).
  6583 | D:8      | 6583 ||| Stepping ~*~*~tactically~*~*~ (outnumbered).
  6626 | D:8      | Found a shimmering altar of Xom.
  6667 | D:8      | 6667 ||| Stepping ~*~*~tactically~*~*~ (stealth).
  6699 | D:8      | 6699 ||| Stepping ~*~*~tactically~*~*~ (stealth).
  6700 | D:8      | 6700 ||| Stepping ~*~*~tactically~*~*~ (stealth).
  6705 | D:8      | Reached XP level 10. HP: 95/96 MP: 10/10
  6708 | D:8      | 6708 ||| Stepping ~*~*~tactically~*~*~ (stealth).
  6710 | D:8      | 6710 ||| Stepping ~*~*~tactically~*~*~ (stealth).
  6716 | D:8      | 6716 ||| Stepping ~*~*~tactically~*~*~ (stealth).
  6718 | D:8      | 6718 ||| Stepping ~*~*~tactically~*~*~ (stealth).
  6720 | D:8      | Noticed Prince Ribbit
  6730 | D:8      | Killed Prince Ribbit
  6732 | D:8      | 6732 ||| Stepping ~*~*~tactically~*~*~ (stealth).
  6735 | D:8      | 6735 ||| Stepping ~*~*~tactically~*~*~ (hiding).
  6736 | D:8      | 6736 ||| Stepping ~*~*~tactically~*~*~ (hiding).
  6742 | D:8      | 6742 ||| Stepping ~*~*~tactically~*~*~ (outnumbered).
  6743 | D:8      | 6743 ||| Stepping ~*~*~tactically~*~*~ (outnumbered).
  6748 | D:8      | 6748 ||| Stepping ~*~*~tactically~*~*~ (outnumbered).
  6749 | D:8      | 6749 ||| Stepping ~*~*~tactically~*~*~ (hiding).
  6757 | D:8      | 6757 ||| Stepping ~*~*~tactically~*~*~ (outnumbered).
  6761 | D:8      | 6761 ||| Stepping ~*~*~tactically~*~*~ (outnumbered).
  6762 | D:8      | 6762 ||| Stepping ~*~*~tactically~*~*~ (outnumbered).
  6763 | D:8      | 6763 ||| INVOKING Fiery Armour.
  6784 | D:8      | 6784 ||| FLEEEEING.
  6785 | D:8      | 6785 ||| FLEEEEING.
  6787 | D:8      | 6787 ||| FLEEEEING.
  6789 | D:8      | 6789 ||| FLEEEEING.
  6790 | D:8      | 6790 ||| FLEEEEING.
  6791 | D:8      | 6791 ||| FLEEEEING.
  6792 | D:8      | 6792 ||| FLEEEEING.
  6793 | D:8      | 6793 ||| FLEEEEING.
  6794 | D:8      | 6794 ||| FLEEEEING.
  6795 | D:8      | 6795 ||| FLEEEEING.
  6796 | D:8      | 6796 ||| FLEEEEING.
  6797 | D:8      | 6797 ||| FLEEEEING.
  6798 | D:8      | 6798 ||| STAIRDANCE
  6819 | D:7      | 6819 ||| UPGRADING to +2 swamp dragon scales.
  6829 | D:7      | 6829 ||| DROPPING +0 robe.
  6863 | D:8      | Noticed an angel
  6866 | D:8      | Found a glowing silver altar of Zin.
  6980 | D:8      | Noticed Maurice
  6981 | D:8      | 6981 ||| Stepping ~*~*~tactically~*~*~ (hiding).
  6990 | D:8      | Killed Maurice
  7026 | D:8      | Killed an angel
  7081 | D:8      | 7081 ||| FLEEEEING.
  7082 | D:8      | 7082 ||| FLEEEEING.
  7083 | D:8      | 7083 ||| FLEEEEING.
  7217 | D:8      | 7217 ||| UPGRADING to +2 cloak.
  7227 | D:8      | 7227 ||| DROPPING +1 cloak.
  7277 | D:9      | 7277 ||| Stepping ~*~*~tactically~*~*~ (hiding).
  7285 | D:9      | 7285 ||| Stepping ~*~*~tactically~*~*~ (hiding).
  7432 | D:9      | Found a staircase to the Orcish Mines.
  7433 | D:9      | 7433 ||| INVOKING Fiery Armour.
  7437 | D:9      | 7437 ||| Stepping ~*~*~tactically~*~*~ (outnumbered).
  7438 | D:9      | 7438 ||| Stepping ~*~*~tactically~*~*~ (outnumbered).
  7446 | D:9      | Reached skill level 13 in Unarmed Combat
  7446 | D:9      | 7446 ||| Stepping ~*~*~tactically~*~*~ (outnumbered).
  7524 | D:9      | 7524 ||| Stepping ~*~*~tactically~*~*~ (outnumbered).
  7525 | D:9      | 7525 ||| Stepping ~*~*~tactically~*~*~ (outnumbered).
  7526 | D:9      | 7526 ||| Stepping ~*~*~tactically~*~*~ (outnumbered).
  7527 | D:9      | 7527 ||| Stepping ~*~*~tactically~*~*~ (outnumbered).
  7987 | D:9      | 7987 ||| Stepping ~*~*~tactically~*~*~ (stealth).
  8354 | D:9      | 8354 ||| READING 2 scrolls of identify.
  8354 | D:9      | 8354 ||| IDENTIFYING viscous blue potion
  8371 | D:10     | Entered Level 10 of the Dungeon
  8395 | D:10     | 8395 ||| INVOKING Fiery Armour.
  8405 | D:10     | 8405 ||| FLEEEEING.
  8406 | D:10     | 8406 ||| FLEEEEING.
  8474 | D:10     | 8474 ||| Stepping ~*~*~tactically~*~*~ (stealth).
  8493 | D:10     | Found a white marble altar of Elyvilon.
  8502 | D:10     | Reached skill level 14 in Unarmed Combat
  8534 | D:10     | Noticed a two-headed ogre
  8539 | D:10     | Killed a two-headed ogre
  8540 | D:10     | Reached skill level 3 in Armour
  8569 | D:10     | Found a glowing golden altar of the Shining One.
  8574 | D:10     | 8574 ||| Stepping randomly (disturbance).
  8702 | D:10     | 8702 ||| Stepping ~*~*~tactically~*~*~ (stealth).
  8747 | D:10     | Identified the +0 short sword "Asaarph" {speed, rElec Int+6
                  | Dex-5 SInv}
  8780 | D:10     | Found an ornate altar of the Wu Jian Council.
  8780 | D:10     | Noticed a centaur warrior
  8781 | D:10     | 8781 ||| Stepping ~*~*~tactically~*~*~ (hiding).
  8785 | D:10     | Killed a centaur warrior
  8786 | D:10     | Reached skill level 6 in Fighting
  8786 | D:10     | Reached XP level 11. HP: 99/105 MP: 11/11
  8812 | D:10     | Noticed Grum
  8813 | D:10     | 8813 ||| Stepping ~*~*~tactically~*~*~ (hiding).
  8815 | D:10     | 8815 ||| INVOKING Fiery Armour.
  8823 | D:10     | Killed Grum
  9536 | D:11     | Noticed a five-headed hydra
  9538 | D:11     | 9538 ||| INVOKING Fiery Armour.
  9540 | D:11     | Noticed a four-headed hydra
  9543 | D:11     | Killed a six-headed hydra
  9544 | D:11     | 9544 ||| FLEEEEING.
  9545 | D:11     | 9545 ||| FLEEEEING.
  9547 | D:11     | 9547 ||| FLEEEEING.
  9548 | D:11     | 9548 ||| FLEEEEING.
  9549 | D:11     | 9549 ||| FLEEEEING.
  9551 | D:11     | 9551 ||| FLEEEEING.
  9553 | D:11     | 9553 ||| FLEEEEING.
  9554 | D:11     | 9554 ||| FLEEEEING.
  9555 | D:11     | 9555 ||| FLEEEEING.
  9559 | D:11     | Killed a six-headed hydra
  9588 | D:11     | 9588 ||| Stepping ~*~*~tactically~*~*~ (stealth).
  9608 | D:11     | 9608 ||| Stepping ~*~*~tactically~*~*~ (stealth).
  9609 | D:11     | 9609 ||| Stepping ~*~*~tactically~*~*~ (stealth).
  9673 | D:11     | 9673 ||| Stepping ~*~*~tactically~*~*~ (outnumbered).
  9678 | D:11     | Reached skill level 15 in Unarmed Combat
  9736 | D:11     | 9736 ||| FLEEEEING.
  9740 | D:11     | 9740 ||| FLEEEEING.
  9741 | D:11     | 9741 ||| FLEEEEING.
  9754 | D:11     | 9754 ||| FLEEEEING.
  9755 | D:11     | 9755 ||| FLEEEEING.
  9773 | D:11     | 9773 ||| FLEEEEING.
  9774 | D:11     | 9774 ||| FLEEEEING.
  9775 | D:11     | 9775 ||| FLEEEEING.
  9778 | D:11     | 9778 ||| FLEEEEING.
  9779 | D:11     | 9779 ||| STAIRDANCE
  9849 | D:11     | 9849 ||| Stepping ~*~*~tactically~*~*~ (stealth).
  9996 | D:11     | Noticed a boulder beetle
  9997 | D:11     | 9997 ||| INVOKING Fiery Armour.
 10003 | D:11     | Killed a boulder beetle
 10128 | D:11     | Found a staircase to the Lair.
 10129 | D:11     | Noticed an oklob plant
 10130 | D:11     | 10130 ||| INVOKING Fiery Armour.
 10150 | D:11     | 10150 ||| PLANNING CONVERSION TO OKAWARU
 10155 | D:11     | Killed an oklob plant
 10284 | D:8      | Fell from the grace of Ignis
 10284 | D:8      | Became a worshipper of Warmaster Okawaru
 10285 | D:8      | 10285 ||| PLANNING LAIR
 10393 | Lair:1   | Entered Level 1 of the Lair of Beasts
 10396 | Lair:1   | 10396 ||| Stepping ~*~*~tactically~*~*~ (outnumbered).
 10400 | Lair:1   | 10400 ||| Stepping ~*~*~tactically~*~*~ (outnumbered).
 10401 | Lair:1   | 10401 ||| Stepping ~*~*~tactically~*~*~ (outnumbered).
 10402 | Lair:1   | 10402 ||| Stepping ~*~*~tactically~*~*~ (outnumbered).
 10403 | Lair:1   | 10403 ||| Stepping ~*~*~tactically~*~*~ (outnumbered).
 10413 | Lair:1   | Reached skill level 6 in Throwing
 10426 | Lair:1   | Reached * piety under Okawaru
 10427 | Lair:1   | 10427 ||| INVOKING Heroism.
 10574 | Lair:1   | 10574 ||| INVOKING Heroism.
 10580 | Lair:1   | Reached skill level 1 in Invocations
 10584 | Lair:1   | 10584 ||| Stepping ~*~*~tactically~*~*~ (hiding).
 10588 | Lair:1   | 10588 ||| INVOKING Heroism.
 10658 | Lair:1   | 10658 ||| Stepping ~*~*~tactically~*~*~ (stealth).
 10659 | Lair:1   | 10659 ||| Stepping ~*~*~tactically~*~*~ (stealth).
 10661 | Lair:1   | 10661 ||| INVOKING Heroism.
 10695 | Lair:1   | 10695 ||| Stepping ~*~*~tactically~*~*~ (outnumbered).
 10696 | Lair:1   | 10696 ||| Stepping ~*~*~tactically~*~*~ (outnumbered).
 10697 | Lair:1   | 10697 ||| Stepping ~*~*~tactically~*~*~ (outnumbered).
 10698 | Lair:1   | 10698 ||| Stepping ~*~*~tactically~*~*~ (outnumbered).
 10699 | Lair:1   | 10699 ||| Stepping ~*~*~tactically~*~*~ (outnumbered).
 10700 | Lair:1   | 10700 ||| Stepping ~*~*~tactically~*~*~ (outnumbered).
 10702 | Lair:1   | Reached XP level 12. HP: 104/114 MP: 12/12
 10702 | Lair:1   | Reached ** piety under Okawaru
 10771 | Lair:1   | 10771 ||| Stepping ~*~*~tactically~*~*~ (stealth).
 10776 | Lair:1   | 10776 ||| INVOKING Heroism.
 10779 | Lair:1   | Reached skill level 16 in Unarmed Combat
 10833 | Lair:1   | 10833 ||| Stepping ~*~*~tactically~*~*~ (outnumbered).
 10835 | Lair:1   | 10835 ||| Stepping ~*~*~tactically~*~*~ (outnumbered).
 10842 | Lair:1   | 10842 ||| INVOKING Heroism.
 11056 | Lair:1   | Reached skill level 3 in Invocations
 11091 | Lair:1   | Noticed a five-headed hydra
 11092 | Lair:1   | 11092 ||| INVOKING Heroism.
 11099 | Lair:1   | Killed a seven-headed hydra
 11405 | Lair:1   | 11405 ||| READING 2 scrolls of identify.
 11405 | Lair:1   | 11405 ||| IDENTIFYING metallic orange potion
 11406 | Lair:1   | 11406 ||| DROPPING potion of berserk rage.
 11471 | Lair:2   | 11471 ||| STAIRDANCE
 11515 | Lair:2   | 11515 ||| INVOKING Heroism.
 11633 | Lair:2   | Noticed a death yak
 11633 | Lair:2   | Noticed a death yak
 11634 | Lair:2   | 11634 ||| Stepping ~*~*~tactically~*~*~ (stealth).
 11636 | Lair:2   | 11636 ||| Stepping ~*~*~tactically~*~*~ (stealth).
 11637 | Lair:2   | Noticed a death yak
 11638 | Lair:2   | 11638 ||| INVOKING Heroism.
 11639 | Lair:2   | Noticed a death yak
 11640 | Lair:2   | 11640 ||| Stepping ~*~*~tactically~*~*~ (stealth).
 11647 | Lair:2   | Killed a death yak
 11651 | Lair:2   | Killed a death yak
 11656 | Lair:2   | Killed a death yak
 11656 | Lair:2   | Reached *** piety under Okawaru
 11657 | Lair:2   | Noticed a death yak
 11660 | Lair:2   | Killed a death yak
 11665 | Lair:2   | Killed a death yak
 11820 | Lair:2   | 11820 ||| INVOKING Heroism.
 11946 | Lair:2   | Noticed a catoblepas
 11947 | Lair:2   | 11947 ||| INVOKING Heroism.
 11951 | Lair:2   | 11951 ||| Stepping ~*~*~tactically~*~*~ (cloud).
 11953 | Lair:2   | Killed a catoblepas
 11981 | Lair:2   | Received a gift from Okawaru
 11982 | Lair:2   | 11982 ||| INVOKING Heroism.
 12055 | Lair:2   | Noticed a seven-headed hydra
 12056 | Lair:2   | 12056 ||| INVOKING Heroism.
 12065 | Lair:2   | Killed an 11-headed hydra
 12066 | Lair:2   | Reached skill level 17 in Unarmed Combat
 12206 | Lair:2   | 12206 ||| Stepping ~*~*~tactically~*~*~ (stealth).
 12207 | Lair:2   | 12207 ||| Stepping ~*~*~tactically~*~*~ (stealth).
 12213 | Lair:2   | Reached **** piety under Okawaru
 12719 | Lair:2   | 12719 ||| DRINKING 2 glowing ruby potions.
 12720 | Lair:2   | 12720 ||| DROPPING potion of attraction.
 12754 | Lair:3   | Found a staircase to the Snake Pit.
 12755 | Lair:3   | 12755 ||| PLANNING GAUNTLET
 12756 | Lair:3   | 12756 ||| INVOKING Heroism.
 12763 | Lair:3   | Received a gift from Okawaru
 12822 | Lair:3   | 12822 ||| INVOKING Heroism.
 12852 | Lair:3   | You fall into a shaft and drop 1 floor!
 12855 | Lair:4   | 12855 ||| Stepping ~*~*~tactically~*~*~ (hiding).
 12857 | Lair:4   | 12857 ||| Stepping ~*~*~tactically~*~*~ (hiding).
 12859 | Lair:4   | 12859 ||| Stepping ~*~*~tactically~*~*~ (hiding).
 12860 | Lair:4   | 12860 ||| Stepping ~*~*~tactically~*~*~ (hiding).
 12898 | Lair:3   | Reached XP level 13. HP: 124/124 MP: 15/15
 12927 | Lair:3   | 12927 ||| Stepping ~*~*~tactically~*~*~ (stealth).
 12936 | Lair:3   | 12936 ||| Stepping ~*~*~tactically~*~*~ (stealth).
 12938 | Lair:3   | 12938 ||| Stepping ~*~*~tactically~*~*~ (stealth).
 12948 | Lair:3   | Received a gift from Okawaru
 12962 | Lair:3   | Found a gate leading to a gauntlet.
 12971 | Gauntlet | Entered a Gauntlet
 12971 | Gauntlet | Found a transporter.
 12971 | Gauntlet | Found a transporter.
 12972 | Gauntlet | Found a transporter.
 12974 | Gauntlet | Found a transporter.
 12975 | Gauntlet | Found a transporter.
 12975 | Gauntlet | Noticed a reaper
 13011 | Gauntlet | Found a transporter.
 13019 | Gauntlet | Found a transporter.
 13040 | Gauntlet | Found a transporter.
 13060 | Gauntlet | Found a transporter.
 13087 | Gauntlet | Found a transporter.
 13105 | Gauntlet | Found a transporter.
 13157 | Gauntlet | Found a transporter.
 13201 | Gauntlet | 13201 ||| Stepping ~*~*~tactically~*~*~ (hiding).
 13206 | Gauntlet | 13206 ||| INVOKING Heroism.
 13206 | Gauntlet | HP: 29/124 [reaper/+3 scythe of freezing (30)]
 13207 | Gauntlet | 13207 ||| DRINKING 3 potions of heal wounds.
 13208 | Gauntlet | 13208 ||| DRINKING 2 potions of heal wounds.
 13209 | Gauntlet | 13209 ||| DRINKING potion of heal wounds.
 13212 | Gauntlet | Killed a reaper
 13310 | Gauntlet | 13310 ||| INVOKING Heroism.
 13325 | Gauntlet | Identified the ring "Xaux Una" {Fly rCorr Str+6 Dex+2}
 13344 | Gauntlet | 13344 ||| UPGRADING to ring "Xaux Una" {Fly rCorr Str+6
                  | Dex+2}.
 13346 | Gauntlet | 13346 ||| DROPPING +4 ring of slaying {mikee}.
 13349 | Gauntlet | 13349 ||| Stepping ~*~*~tactically~*~*~ (outnumbered).
 13375 | Gauntlet | Noticed a minotaur
 13376 | Gauntlet | 13376 ||| INVOKING Heroism.
 13379 | Gauntlet | Killed a minotaur
 13416 | Lair:3   | 13416 ||| PLANNING LAIR
 13418 | Lair:3   | 13418 ||| Stepping ~*~*~tactically~*~*~ (stealth).
 13422 | Lair:3   | 13422 ||| INVOKING Heroism.
 13430 | Lair:3   | Received a gift from Okawaru
 13440 | Lair:3   | Received a gift from Okawaru
 13441 | Lair:3   | Reached skill level 6 in Invocations
 13463 | Lair:3   | 13463 ||| INVOKING Heroism.
 13647 | Lair:3   | Noticed Nergalle
 13648 | Lair:3   | 13648 ||| Stepping ~*~*~tactically~*~*~ (hiding).
 13651 | Lair:3   | 13651 ||| Stepping ~*~*~tactically~*~*~ (hiding).
 13655 | Lair:3   | 13655 ||| INVOKING Heroism.
 13657 | Lair:3   | Killed Nergalle
 13911 | Lair:3   | 13911 ||| INVOKING Heroism.
 14005 | Lair:3   | Found a staircase to the Shoals.
 14049 | Lair:3   | 14049 ||| Stepping ~*~*~tactically~*~*~ (stealth).
 14050 | Lair:3   | 14050 ||| INVOKING Heroism.
 14061 | Lair:3   | Reached skill level 18 in Unarmed Combat
 14187 | Lair:3   | 14187 ||| DROPPING +1 robe of the Archmagi.
 14188 | Lair:3   | 14188 ||| READING 2 scrolls of identify.
 14188 | Lair:3   | 14188 ||| IDENTIFYING white potion
 14394 | Lair:4   | You are sucked into a shaft and drop 1 floor!
 14394 | Lair:5   | Entered Level 5 of the Lair of Beasts
 14394 | Lair:5   | Was forgiven by Ignis
 14400 | Lair:5   | 14400 ||| Stepping ~*~*~tactically~*~*~ (outnumbered).
 14401 | Lair:5   | 14401 ||| Stepping ~*~*~tactically~*~*~ (outnumbered).
 14402 | Lair:5   | 14402 ||| Stepping ~*~*~tactically~*~*~ (outnumbered).
 14423 | Lair:5   | 14423 ||| Stepping ~*~*~tactically~*~*~ (hiding).
 14464 | Lair:5   | 14464 ||| Stepping ~*~*~tactically~*~*~ (stealth).
 14468 | Lair:5   | 14468 ||| Stepping ~*~*~tactically~*~*~ (stealth).
 14469 | Lair:5   | 14469 ||| Stepping ~*~*~tactically~*~*~ (stealth).
 14469 | Lair:5   | Found a staircase to the Slime Pits.
 14469 | Lair:5   | Found a viscous altar of Jiyva.
 14474 | Lair:5   | 14474 ||| Stepping ~*~*~tactically~*~*~ (stealth).
 14475 | Lair:5   | 14475 ||| Stepping ~*~*~tactically~*~*~ (stealth).
 14479 | Lair:5   | 14479 ||| INVOKING Heroism.
 14489 | Lair:5   | 14489 ||| Stepping ~*~*~tactically~*~*~ (outnumbered).
 14490 | Lair:5   | 14490 ||| Stepping ~*~*~tactically~*~*~ (outnumbered).
 14491 | Lair:5   | 14491 ||| Stepping ~*~*~tactically~*~*~ (outnumbered).
 14492 | Lair:5   | 14492 ||| Stepping ~*~*~tactically~*~*~ (outnumbered).
 14493 | Lair:5   | 14493 ||| Stepping ~*~*~tactically~*~*~ (outnumbered).
 14498 | Lair:5   | 14498 ||| Stepping ~*~*~tactically~*~*~ (outnumbered).
 14499 | Lair:5   | 14499 ||| Stepping ~*~*~tactically~*~*~ (outnumbered).
 14500 | Lair:5   | 14500 ||| Stepping ~*~*~tactically~*~*~ (outnumbered).
 14502 | Lair:5   | Reached ***** piety under Okawaru
 14504 | Lair:5   | 14504 ||| Stepping ~*~*~tactically~*~*~ (outnumbered).
 14505 | Lair:5   | 14505 ||| Stepping ~*~*~tactically~*~*~ (outnumbered).
 14507 | Lair:5   | 14507 ||| Stepping ~*~*~tactically~*~*~ (outnumbered).
 14509 | Lair:5   | 14509 ||| Stepping ~*~*~tactically~*~*~ (outnumbered).
 14511 | Lair:5   | 14511 ||| Stepping ~*~*~tactically~*~*~ (outnumbered).
 14512 | Lair:5   | 14512 ||| Stepping ~*~*~tactically~*~*~ (outnumbered).
 14512 | Lair:5   | HP: 27/124 [rime drake/flash freeze (19)]
 14513 | Lair:5   | 14513 ||| READING 3 scrolls of teleportation.
 14514 | Lair:5   | 14514 ||| INVOKING Heroism.
 14515 | Lair:5   | 14515 ||| Stepping ~*~*~tactically~*~*~ (outnumbered).
 14526 | Lair:5   | 14526 ||| Stepping ~*~*~tactically~*~*~ (stealth).
 14527 | Lair:5   | 14527 ||| Stepping ~*~*~tactically~*~*~ (stealth).
 14552 | Lair:5   | 14552 ||| Stepping ~*~*~tactically~*~*~ (stealth).
 14560 | Lair:5   | 14560 ||| INVOKING Heroism.
 14561 | Lair:5   | 14561 ||| INVOKING Finesse.
 14591 | Lair:5   | 14591 ||| Stepping ~*~*~tactically~*~*~ (stealth).
 14592 | Lair:5   | Received a gift from Okawaru
 14605 | Lair:5   | 14605 ||| Stepping ~*~*~tactically~*~*~ (outnumbered).
 14606 | Lair:5   | 14606 ||| Stepping ~*~*~tactically~*~*~ (outnumbered).
 14609 | Lair:5   | 14609 ||| Stepping ~*~*~tactically~*~*~ (outnumbered).
 14610 | Lair:5   | 14610 ||| Stepping ~*~*~tactically~*~*~ (outnumbered).
 14615 | Lair:5   | 14615 ||| Stepping ~*~*~tactically~*~*~ (outnumbered).
 14616 | Lair:5   | 14616 ||| Stepping ~*~*~tactically~*~*~ (outnumbered).
 14623 | Lair:5   | 14623 ||| Stepping ~*~*~tactically~*~*~ (outnumbered).
 14625 | Lair:5   | 14625 ||| INVOKING Heroism.
 14664 | Lair:5   | Received a gift from Okawaru
 14666 | Lair:5   | 14666 ||| INVOKING Heroism.
 14670 | Lair:5   | Reached XP level 14. HP: 83/136 MP: 16/19
 14731 | Lair:5   | 14731 ||| INVOKING Heroism.
 14826 | Lair:5   | Reached skill level 9 in Invocations
 14840 | Lair:5   | 14840 ||| UPGRADING to +2 hat.
 14845 | Lair:5   | 14845 ||| DRINKING 2 fuming purple potions.
 15222 | Lair:4   | 15222 ||| INVOKING Heroism.
 15223 | Lair:4   | 15223 ||| Stepping ~*~*~tactically~*~*~ (outnumbered).
 15224 | Lair:4   | 15224 ||| Stepping ~*~*~tactically~*~*~ (outnumbered).
 15225 | Lair:4   | 15225 ||| Stepping ~*~*~tactically~*~*~ (outnumbered).
 15226 | Lair:4   | 15226 ||| Stepping ~*~*~tactically~*~*~ (outnumbered).
 15227 | Lair:4   | 15227 ||| Stepping ~*~*~tactically~*~*~ (outnumbered).
 15228 | Lair:4   | 15228 ||| Stepping ~*~*~tactically~*~*~ (outnumbered).
 15229 | Lair:4   | 15229 ||| Stepping ~*~*~tactically~*~*~ (outnumbered).
 15230 | Lair:4   | 15230 ||| Stepping ~*~*~tactically~*~*~ (outnumbered).
 15241 | Lair:4   | 15241 ||| Stepping ~*~*~tactically~*~*~ (stealth).
 15244 | Lair:4   | 15244 ||| Stepping ~*~*~tactically~*~*~ (stealth).
 15247 | Lair:4   | 15247 ||| Stepping ~*~*~tactically~*~*~ (outnumbered).
 15248 | Lair:4   | 15248 ||| Stepping ~*~*~tactically~*~*~ (outnumbered).
 15249 | Lair:4   | 15249 ||| Stepping ~*~*~tactically~*~*~ (outnumbered).
 15542 | Lair:4   | 15542 ||| INVOKING Heroism.
 15609 | Lair:4   | 15609 ||| FLEEEEING.
 15611 | Lair:4   | 15611 ||| FLEEEEING.
 15612 | Lair:4   | 15612 ||| FLEEEEING.
 15613 | Lair:4   | 15613 ||| FLEEEEING.
 15614 | Lair:4   | 15614 ||| FLEEEEING.
 15615 | Lair:4   | 15615 ||| FLEEEEING.
 15616 | Lair:4   | 15616 ||| FLEEEEING.
 15618 | Lair:4   | 15618 ||| INVOKING Heroism.
 15690 | Lair:4   | 15690 ||| Stepping ~*~*~tactically~*~*~ (stealth).
 15825 | Lair:4   | 15825 ||| READING 2 scrolls labelled OMORRUANEY.
 15826 | Lair:4   | 15826 ||| DROPPING scroll of amnesia.
 16190 | Lair:5   | 16190 ||| INVOKING Heroism.
 16242 | Lair:5   | 16242 ||| Stepping ~*~*~tactically~*~*~ (hiding).
 16243 | Lair:5   | 16243 ||| Stepping ~*~*~tactically~*~*~ (stealth).
 16245 | Lair:5   | 16245 ||| INVOKING Heroism.
 16246 | Lair:5   | 16246 ||| INVOKING Finesse.
 16383 | Lair:5   | 16383 ||| INVOKING Heroism.
 16384 | Lair:5   | 16384 ||| INVOKING Finesse.
 16385 | Lair:5   | 16385 ||| Stepping ~*~*~tactically~*~*~ (stealth).
 16444 | Lair:5   | 16444 ||| READING scroll labelled SAPEMAXZIU.
 16445 | Lair:5   | 16445 ||| PLANNING D:1-11
 16692 | D:11     | 16692 ||| PLANNING D
 16729 | D:12     | 16729 ||| INVOKING Heroism.
 16732 | D:12     | 16732 ||| Stepping ~*~*~tactically~*~*~ (outnumbered).
 16733 | D:12     | 16733 ||| Stepping ~*~*~tactically~*~*~ (outnumbered).
 16734 | D:12     | 16734 ||| Stepping ~*~*~tactically~*~*~ (outnumbered).
 16735 | D:12     | 16735 ||| Stepping ~*~*~tactically~*~*~ (outnumbered).
 16736 | D:12     | 16736 ||| Stepping ~*~*~tactically~*~*~ (outnumbered).
 16737 | D:12     | 16737 ||| Stepping ~*~*~tactically~*~*~ (outnumbered).
 16741 | D:12     | 16741 ||| Stepping ~*~*~tactically~*~*~ (outnumbered).
 16744 | D:12     | 16744 ||| Stepping ~*~*~tactically~*~*~ (outnumbered).
 16745 | D:12     | 16745 ||| Stepping ~*~*~tactically~*~*~ (outnumbered).
 16746 | D:12     | 16746 ||| Stepping ~*~*~tactically~*~*~ (outnumbered).
 16747 | D:12     | 16747 ||| Stepping ~*~*~tactically~*~*~ (outnumbered).
 16748 | D:12     | 16748 ||| Stepping ~*~*~tactically~*~*~ (outnumbered).
 16749 | D:12     | 16749 ||| STAIRDANCE
 16751 | D:11     | 16751 ||| Stepping ~*~*~tactically~*~*~ (outnumbered).
 16752 | D:11     | 16752 ||| Stepping ~*~*~tactically~*~*~ (outnumbered).
 16756 | D:11     | 16756 ||| Stepping ~*~*~tactically~*~*~ (outnumbered).
 16838 | D:12     | 16838 ||| INVOKING Heroism.
 16841 | D:12     | 16841 ||| Stepping ~*~*~tactically~*~*~ (outnumbered).
 16842 | D:12     | 16842 ||| Stepping ~*~*~tactically~*~*~ (outnumbered).
 16847 | D:12     | 16847 ||| Stepping ~*~*~tactically~*~*~ (outnumbered).
 16848 | D:12     | 16848 ||| Stepping ~*~*~tactically~*~*~ (outnumbered).
 16849 | D:12     | 16849 ||| Stepping ~*~*~tactically~*~*~ (outnumbered).
 16850 | D:12     | 16850 ||| Stepping ~*~*~tactically~*~*~ (outnumbered).
 16851 | D:12     | 16851 ||| Stepping ~*~*~tactically~*~*~ (outnumbered).
 16852 | D:12     | 16852 ||| Stepping ~*~*~tactically~*~*~ (outnumbered).
 16853 | D:12     | 16853 ||| Stepping ~*~*~tactically~*~*~ (outnumbered).
 16854 | D:12     | 16854 ||| Stepping ~*~*~tactically~*~*~ (outnumbered).
 16892 | D:12     | Noticed Fannar
 16893 | D:12     | 16893 ||| Stepping ~*~*~tactically~*~*~ (hiding).
 16907 | D:12     | Killed Fannar
 16966 | D:12     | 16966 ||| Stepping ~*~*~tactically~*~*~ (stealth).
 16976 | D:12     | 16976 ||| Stepping ~*~*~tactically~*~*~ (outnumbered).
 16977 | D:12     | 16977 ||| Stepping ~*~*~tactically~*~*~ (outnumbered).
 16978 | D:12     | 16978 ||| Stepping ~*~*~tactically~*~*~ (outnumbered).
 16980 | D:12     | 16980 ||| INVOKING Heroism.
 16981 | D:12     | 16981 ||| Stepping ~*~*~tactically~*~*~ (outnumbered).
 17052 | D:12     | 17052 ||| INVOKING Heroism.
 17058 | D:12     | Reached skill level 19 in Unarmed Combat
 17059 | D:12     | Reached skill level 3 in Dodging
 17114 | D:12     | 17114 ||| INVOKING Heroism.
 17122 | D:12     | 17122 ||| INVOKING Finesse.
 17124 | D:12     | Received a gift from Okawaru
 17273 | D:12     | 17273 ||| Stepping ~*~*~tactically~*~*~ (stealth).
 17306 | D:12     | 17306 ||| Stepping ~*~*~tactically~*~*~ (hiding).
 17434 | D:12     | 17434 ||| Stepping ~*~*~tactically~*~*~ (stealth).
 17537 | D:12     | Noticed Nessos
 17538 | D:12     | 17538 ||| INVOKING Finesse.
 17540 | D:12     | 17540 ||| INVOKING Heroism.
 17543 | D:12     | Noticed Lodul
 17545 | D:12     | HP: 34/137 [Nessos/arrow (1)]
 17546 | D:12     | 17546 ||| READING 2 scrolls of teleportation.
 17546 | D:12     | HP: 5/137 [slime creature (12)]
 17548 | D:12     | HP: 1/137 [poisoned by Nessos]
 17548 | D:12     | Shot with an arrow by Nessos

Levels and vault maps discovered:
D:1:      zaba_arrival_water, layout_rooms, basic_ecumenical_altar
D:2:      layout_rooms, minmay_misc_feat_nine_boxes
D:3:      layout_loops_ring, nicolae_overflow_crystal_walls,
          nicolae_uskayaw_suspiria, uniq_crazy_yiuf_cottage, uniq_grinder,
          uniq_terence
D:4:      layout_rooms, uniq_sigmund
D:5:      layout_basic, lemuel_doored_altar,
          nicolae_ru_great_annihilating_truth, minmay_temple_entry_offerings,
          uniq_duvessa
D:6:      layout_cave_pods, nzn_overflow_gifts_of_might_and_magic,
          mainiacjoe_overflow_24_doors, nicolae_shop_firing_range
D:7:      layout_gridville, old_standard_altar, mainiacjoe_overflow_brackets,
          serial_shops, nicolae_shop_hallway_plus, enter_ossuary_4
D:8:      minmay_flawed_box, layout_cave_pools,
          grunt_temple_overflow_order_and_chaos_1, overflow_temple_1_default,
          kennysheep_donut, uniq_maggie, uniq_maurice, uniq_prince_ribbit1
D:9:      layout_basic, david_orc_2
D:10:     layout_basic, general_overflow_altar, nicolae_tso_carved_into_rock,
          mainiacjoe_overflow_cross_hatched, uniq_grum
D:11:     layout_basic, dpeg_oklobed_lair
D:12:     layout_gridville, uniq_nessos, uniq_lodul, uniq_fannar
Lair:1:   layout_gridlike
Lair:2:   layout_layer_cave
Lair:3:   layout_roguey, minmay_shoals_entry_lonely_mermaid,
          minmay_snake_entry_guardpost_small, gauntlet_entry_generic,
          grunt_forest_large_clearing_hut, uniq_nergalle
Lair:4:   layout_layer_cave
Lair:5:   grunt_lair_end_beastmaster, layout_big_grid,
          minmay_slime_entry_pillars, infiniplex_staircase_pool

Skill      XL: |  1  2  3  4  5  6  7  8  9 10 11 12 13 14 |
---------------+-------------------------------------------+-----
Unarmed Combat | 4 5 6 7 8 10 12 14 15 17 18 19 | 19.0
Dodging        | 2 3 |  3.0
Throwing       | 2 4 6 7 8 |  8.0
Fighting       | 3 4 5 6 7 8 |  8.7
Armour         | 3 4 |  4.0
Invocations    | 2 4 8 10 | 10.0
Spellcasting   | |  1.0
Fire Magic     | |  2.1

Action                   |  1- 3 |  4- 6 |  7- 9 | 10-12 | 13-15 || total
-------------------------+-------+-------+-------+-------+-------++-------
Melee: Unarmed           |   120 |   111 |   230 |   377 |   334 ||  1172
       Punch             |     2 |     1 |    10 |    35 |    39 ||    87
Throw: Large rock        |       |       |    10 |    30 |    44 ||    84
       Boomerang         |       |       |    24 |    53 |    58 ||   135
       Javelin           |       |       |    14 |    29 |    33 ||    76
Invok: Fiery Armour      |     1 |     1 |     4 |     7 |       ||    13
       Heroism           |       |       |       |    15 |    26 ||    41
       Finesse           |       |       |       |       |     5 ||     5
  Use: Scroll            |     3 |     6 |     7 |     2 |     5 ||    23
       Potion            |     3 |       |    11 |     1 |     4 ||    19
 Stab: Invisible         |       |       |     1 |       |       ||     1
       Paralysed         |       |       |     1 |       |       ||     1
       Sleeping          |       |       |       |       |     1 ||     1
Armor: Robe              |    55 |    29 |    77 |    14 |       ||   175
       Swamp dragon scal |       |       |       |   157 |   122 ||   279
Dodge: Dodged            |    66 |    50 |   160 |   199 |   176 ||   651

Table legend:
 A = Non-vault XP
 B = Vault XP
 C = Vault XP percentage of total XP
 D = Non-vault monster count
 E = Vault monster count
 F = Vault count percentage of total count
                 A         B        C        D         E       F
            +---------+---------+-------+---------+---------+-------
      Total |   66385 |   22043 |  24.9 |     410 |      85 |  17.2
            +---------+---------+-------+---------+---------+-------
        D:1 |      54 |       0 |   0.0 |      30 |       0 |   0.0
        D:2 |     145 |       0 |   0.0 |      29 |       0 |   0.0
        D:3 |      45 |      36 |  44.4 |      12 |       1 |   7.7
        D:4 |     411 |     231 |  36.0 |      13 |       1 |   7.1
        D:5 |     415 |     213 |  33.9 |      13 |       6 |  31.6
        D:6 |    1010 |     178 |  15.0 |      20 |       5 |  20.0
        D:7 |     963 |       2 |   0.2 |      16 |       2 |  11.1
        D:8 |    1585 |    1436 |  47.5 |      50 |      10 |  16.7
        D:9 |    1084 |     285 |  20.8 |      16 |       7 |  30.4
       D:10 |    3539 |     654 |  15.6 |      19 |       5 |  20.8
       D:11 |    5574 |     580 |   9.4 |      26 |       1 |   3.7
       D:12 |    7262 |    1333 |  15.5 |      26 |       5 |  16.1
     Lair:1 |    6572 |       0 |   0.0 |      23 |       0 |   0.0
     Lair:2 |   10320 |       0 |   0.0 |      32 |       0 |   0.0
     Lair:3 |    5838 |    3517 |  37.6 |      20 |       8 |  28.6
     Lair:4 |    5408 |       0 |   0.0 |      19 |       0 |   0.0
     Lair:5 |   16160 |   10430 |  39.2 |      46 |      20 |  30.3
    Ossuary |       0 |     136 | 100.0 |       0 |      10 | 100.0
   Gauntlet |       0 |    3012 | 100.0 |       0 |       4 | 100.0
            +---------+---------+-------+---------+---------+-------
